ATL
ROAD WARRIORS @ HIGH POINT ROCKERS
06/25/2072
 
TOP OF THE 1ST
Southern Maryland Blue Crabs batting - Pitching for Road Warriors : LHP Zach Prior
Pitching: LHP Zach Prior
Batting: RHB Alberto Figueroa 0-0: Ball
1-0: Fly out, F8 (Line Drive, 8RD, EV 86.9 MPH)
Batting: RHB Bryan Constine 0-0: Foul Ball, location: 2F
0-1: Ground out 6-3 (Groundball, 56D, EV 84.4 MPH)
Batting: RHB Vance Doyle 0-0: Foul Ball, location: 2F
0-1: Ground out 1-3 (Groundball, 34S, EV 62.5 MPH)
Top of the 1st over - 0 runs, 0 hits, 0 errors, 0 left on base; Southern Maryland 0 - Road 0
BOTTOM OF THE 1ST
Road Warriors batting - Pitching for Southern Maryland Blue Crabs : RHP Zack Seale
Pitching: RHP Zack Seale
Batting: SHB Eric Gibson 0-0: Ball
1-0: Called Strike
1-1: Ball
2-1: Ball
3-1: Base on Balls
Batting: LHB Brian Massey 0-0: Ball
1-0: Called Strike
1-1: Foul Ball, location: 2F
1-2: Strikes out looking
Batting: RHB Chad Foy 0-0: Ball
1-0: Grounds into double play, 4-6-3 (Groundball, 4, EV 95.0 MPH)
Bottom of the 1st over - 0 runs, 0 hits, 0 errors, 0 left on base; Southern Maryland 0 - Road 0
TOP OF THE 2ND
Southern Maryland Blue Crabs batting - Pitching for Road Warriors : LHP Zach Prior
Batting: RHB T.J. Still 0-0: Foul Ball, location: 2F
0-1: Ball
1-1: Ball
2-1: Foul Ball, location: 2F
2-2: Strikes out swinging
Batting: RHB Joe Sabella 0-0: Swinging Strike
0-1: Swinging Strike
0-2: Ball
1-2: Ball
2-2: Ball
3-2: Base on Balls
Batting: RHB Diego Santana 0-0: Ball
1-0: Called Strike
1-1: Swinging Strike
1-2: Foul Ball, location: 2F
1-2: Ball
2-2: Fly out, F8 (Flyball, 8LM, EV 88.8 MPH)
Batting: LHB David Ortega 0-0: Swinging Strike
0-1: Ball
1-1: Foul Ball, location: 2F
1-2: Foul Ball, location: 2F
1-2: Strikes out swinging
Top of the 2nd over - 0 runs, 0 hits, 0 errors, 1 left on base; Southern Maryland 0 - Road 0
BOTTOM OF THE 2ND
Road Warriors batting - Pitching for Southern Maryland Blue Crabs : RHP Zack Seale
Batting: LHB Jose Castro 0-0: Ball
1-0: Ball
2-0: Ball
3-0: Called Strike
3-1: Swinging Strike
3-2: Base on Balls
Batting: RHB Pat Desormeaux 0-0: Called Strike
0-1: Called Strike
0-2: Foul Ball, location: 2F
0-2: Ball
1-2: Strikes out swinging
Batting: RHB Aaron Gleich 0-0: Ball
1-0: Foul Ball, location: 2F
1-1: Fielders Choice at 2nd, 6-4 (Groundball, 56, EV 105.0 MPH)
Batting: LHB Everett Wilson 0-0: Ball
1-0: Ball
2-0: Called Strike
2-1: Called Strike
2-2: Ball
3-2: Fly out, F8 (Flyball, 8LD, EV 94.4 MPH)
Bottom of the 2nd over - 0 runs, 0 hits, 0 errors, 1 left on base; Southern Maryland 0 - Road 0
TOP OF THE 3RD
Southern Maryland Blue Crabs batting - Pitching for Road Warriors : LHP Zach Prior
Batting: LHB Jonathan Ramires 0-0: Called Strike
0-1: Ball
1-1: Foul Ball, location: 2F
1-2: Ball
2-2: Strikes out swinging
Batting: SHB Alex Chavez 0-0: Ball
1-0: Ball
2-0: Ball
3-0: Called Strike
3-1: Foul Ball, location: 2F
3-2: Strikes out looking
Batting: RHB Alberto Figueroa 0-0: Called Strike
0-1: Ball
1-1: Ball
2-1: Ground out 5-3 (Groundball, 56, EV 78.1 MPH)
Top of the 3rd over - 0 runs, 0 hits, 0 errors, 0 left on base; Southern Maryland 0 - Road 0
BOTTOM OF THE 3RD
Road Warriors batting - Pitching for Southern Maryland Blue Crabs : RHP Zack Seale
Batting: RHB Rafael Aguillar 0-0: Foul Ball, location: 2F
0-1: Ball
1-1: Foul Ball, location: 2F
1-2: Ground out 5-3 (Groundball, 56S, EV 92.5 MPH)
Batting: RHB Andy Springer 0-0: Called Strike
0-1: Ball
1-1: SOLO HOME RUN (Flyball, 78XD, EV 95.6 MPH), Distance : 444 ft
Batting: SHB Eric Gibson 0-0: Bunt for hit to 23 - play at first, batter OUT! 3-4
Batting: LHB Brian Massey 0-0: Ball
1-0: Reached on error, E4 (Popup, 34D, EV 66.3 MPH)
Batting: RHB Chad Foy 0-0: Called Strike
0-1: Called Strike
0-2: Ball
1-2: SINGLE (Flyball, 3D, EV 88.8 MPH)
Brian Massey to second
Batting: LHB Jose Castro 0-0: Ball
Wild Pitch!
Brian Massey to third
Chad Foy to second
1-0: DOUBLE (Line Drive, 9LS, EV 101.3 MPH)
Brian Massey scores
Chad Foy scores
Batting: RHB Pat Desormeaux 0-0: Ground out 4-3 (Groundball, 4, EV 88.1 MPH)
Bottom of the 3rd over - 3 runs, 3 hits, 1 error, 1 left on base; Southern Maryland 0 - Road 3
TOP OF THE 4TH
Southern Maryland Blue Crabs batting - Pitching for Road Warriors : LHP Zach Prior
Batting: RHB Bryan Constine 0-0: Ball
1-0: Called Strike
1-1: Ball
2-1: Called Strike
2-2: Strikes out swinging
Batting: RHB Vance Doyle 0-0: Called Strike
0-1: SINGLE (Line Drive, 89S, EV 103.8 MPH)
Batting: RHB T.J. Still 0-0: Ball
1-0: Swinging Strike
1-1: Ball
2-1: Ball
3-1: Swinging Strike
3-2: Strikes out swinging
Vance Doyle steals 2nd base
Batter strikes out.
Batting: RHB Joe Sabella 0-0: Swinging Strike
0-1: Ball
1-1: Foul Ball, location: 2F
1-2: Foul Ball, location: 2F
1-2: Fly out, F9 (Flyball, 89XD, EV 102.5 MPH)
Top of the 4th over - 0 runs, 1 hit, 0 errors, 1 left on base; Southern Maryland 0 - Road 3
BOTTOM OF THE 4TH
Road Warriors batting - Pitching for Southern Maryland Blue Crabs : RHP Zack Seale
Batting: RHB Aaron Gleich 0-0: Foul Ball, location: 2F
0-1: Swinging Strike
0-2: SINGLE (Groundball, 34D, EV 105.6 MPH)
Batting: LHB Everett Wilson 0-0: Ball
1-0: Ball
2-0: Called Strike
2-1: Ball
3-1: Foul Ball, location: 2F
3-2: SINGLE (Line Drive, 34D, EV 97.5 MPH)
Aaron Gleich to second
Runner from 2nd tries for 3rd, SAFE, throw by RF made to third
Batting: RHB Rafael Aguillar 0-0: Ball
1-0: Swinging Strike
1-1: Foul Ball, location: 2F
1-2: Ball
2-2: Foul Ball, location: 2F
2-2: Strikes out swinging
Batting: RHB Andy Springer 0-0: Swinging Strike
0-1: Foul Ball, location: 2F
0-2: Ball
1-2: Ball
2-2: Strikes out swinging
Batting: SHB Eric Gibson 0-0: Foul Ball, location: 2F
0-1: Swinging Strike
0-2: Strikes out swinging
Bottom of the 4th over - 0 runs, 2 hits, 0 errors, 2 left on base; Southern Maryland 0 - Road 3
TOP OF THE 5TH
Southern Maryland Blue Crabs batting - Pitching for Road Warriors : LHP Zach Prior
Batting: RHB Diego Santana 0-0: Foul Ball, location: 2F
0-1: Ball
1-1: Foul Ball, location: 2F
1-2: Ground out 6-3 (Groundball, 6, EV 81.3 MPH)
Batting: LHB David Ortega 0-0: Called Strike
0-1: Called Strike
0-2: Fly out, F8 (Flyball, 89D, EV 108.8 MPH)
Batting: LHB Jonathan Ramires 0-0: Foul Ball, location: 2F
0-1: Foul Ball, location: 2F
0-2: Ball
1-2: Strikes out swinging
Top of the 5th over - 0 runs, 0 hits, 0 errors, 0 left on base; Southern Maryland 0 - Road 3
BOTTOM OF THE 5TH
Road Warriors batting - Pitching for Southern Maryland Blue Crabs : RHP Zack Seale
Batting: LHB Brian Massey 0-0: Foul Ball, location: 2F
0-1: DOUBLE (Flyball, 8RXD, EV 108.8 MPH)
Batting: RHB Chad Foy 0-0: Ball
1-0: SINGLE (Groundball, 56D, EV 96.9 MPH)
Brian Massey to third
Batting: LHB Jose Castro 0-0: Called Strike
0-1: Foul Ball, location: 2F
0-2: Ball
1-2: Fly out, F8 (Flyball, 78XD, EV 103.8 MPH)
Runner from 3rd tags up, SCORES, no throw by CF
Batting: RHB Pat Desormeaux 0-0: Ball
1-0: DOUBLE (Line Drive, 8RXD, EV 105.6 MPH)
Chad Foy to third
Pitching: RHP Salvatore Ayala
Batting: RHB Aaron Gleich 0-0: Ball
1-0: Ball
2-0: Ball
3-0: Base on Balls
Batting: LHB Everett Wilson 0-0: Ball
1-0: Foul Ball, location: 2F
1-1: TRIPLE (Flyball, 89XD, EV 100.0 MPH)
Chad Foy scores
Pat Desormeaux scores
Aaron Gleich scores
Batting: RHB Rafael Aguillar 0-0: Called Strike
0-1: Ball
1-1: Foul Ball, location: 2F
1-2: Strikes out swinging
Batting: RHB Andy Springer 0-0: Ground out 4-3 (Groundball, 34, EV 110.6 MPH)
Bottom of the 5th over - 4 runs, 4 hits, 0 errors, 1 left on base; Southern Maryland 0 - Road 7
TOP OF THE 6TH
Southern Maryland Blue Crabs batting - Pitching for Road Warriors : LHP Zach Prior
Batting: SHB Alex Chavez 0-0: Ball
1-0: Foul Ball, location: 2F
1-1: Foul Ball, location: 2F
1-2: Foul Ball, location: 2F
1-2: Ball
2-2: Ground out 6-3 (Groundball, 6, EV 95.0 MPH)
Batting: RHB Alberto Figueroa 0-0: Called Strike
0-1: Ball
1-1: Foul Ball, location: 2F
1-2: Ball
2-2: Foul Ball, location: 2F
2-2: Strikes out looking
Batting: RHB Bryan Constine 0-0: Foul Ball, location: 2F
0-1: Called Strike
0-2: Ball
1-2: Ball
2-2: Foul Ball, location: 2F
2-2: SINGLE (Groundball, 34D, EV 101.9 MPH)
Batting: RHB Vance Doyle 0-0: Called Strike
0-1: Foul Ball, location: 2F
0-2: Foul Ball, location: 2F
0-2: Strikes out looking
Top of the 6th over - 0 runs, 1 hit, 0 errors, 1 left on base; Southern Maryland 0 - Road 7
BOTTOM OF THE 6TH
Road Warriors batting - Pitching for Southern Maryland Blue Crabs : RHP Salvatore Ayala
Batting: SHB Eric Gibson 0-0: Ball
1-0: Foul Ball, location: 2F
1-1: Fly out, F7 (Flyball, 7, EV 88.1 MPH)
Batting: LHB Brian Massey 0-0: Called Strike
0-1: Ball
1-1: Ground out 3-1 (Groundball, 34S, EV 90.6 MPH)
Batting: RHB Chad Foy 0-0: Ball
1-0: SINGLE (Groundball, 25, EV 72.5 MPH) (infield hit)
Batting: LHB Jose Castro 0-0: Called Strike
0-1: Ball
1-1: Foul Ball, location: 2F
1-2: Ground out 5-3 (Groundball, 56S, EV 88.1 MPH)
Bottom of the 6th over - 0 runs, 1 hit, 0 errors, 1 left on base; Southern Maryland 0 - Road 7
TOP OF THE 7TH
Southern Maryland Blue Crabs batting - Pitching for Road Warriors : LHP Zach Prior
Batting: RHB T.J. Still 0-0: Ball
1-0: Ground out 6-3 (Groundball, 6, EV 81.9 MPH)
Batting: RHB Joe Sabella 0-0: Called Strike
0-1: Called Strike
0-2: Ball
1-2: Ground out 5-3 (Groundball, 56, EV 83.1 MPH)
Batting: RHB Diego Santana 0-0: Ball
1-0: Ball
2-0: Ball
3-0: Base on Balls
Pinch Hitting: RHB Justin Felix 0-0: Called Strike
0-1: Ball
1-1: 2-RUN HOME RUN (Flyball, 78XD, EV 106.3 MPH), Distance : 453 ft
Batting: LHB Jonathan Ramires 0-0: Swinging Strike
0-1: Ball
1-1: Foul Ball, location: 2F
1-2: Ball
2-2: Strikes out swinging
Top of the 7th over - 2 runs, 1 hit, 0 errors, 0 left on base; Southern Maryland 2 - Road 7
BOTTOM OF THE 7TH
Road Warriors batting - Pitching for Southern Maryland Blue Crabs : RHP Salvatore Ayala
Now at 1B: Shane Attard
Batting: RHB Pat Desormeaux 0-0: Ball
1-0: Ball
2-0: Ball
3-0: Base on Balls
Batting: RHB Aaron Gleich 0-0: Ball
1-0: Ball
2-0: Foul Ball, location: 2F
2-1: Foul Ball, location: 2F
2-2: SINGLE (Groundball, 56D, EV 105.6 MPH) (infield hit)
Pat Desormeaux to second
Batting: LHB Everett Wilson 0-0: Reached on error, E3 (Groundball, 3L, EV 87.5 MPH)
Pat Desormeaux to third
Aaron Gleich to second
Batting: RHB Rafael Aguillar 0-0: Fly out, F7 (Flyball, 7LM, EV 101.9 MPH)
Runner from 3rd tags up, SCORES, throw by LF
Aaron Gleich to third
Batting: RHB Andy Springer 0-0: Grounds into double play, 5-4-3 (Groundball, 56S, EV 86.9 MPH)
Bottom of the 7th over - 1 run, 1 hit, 1 error, 1 left on base; Southern Maryland 2 - Road 8
TOP OF THE 8TH
Southern Maryland Blue Crabs batting - Pitching for Road Warriors : LHP Zach Prior
Pitching: RHP Sandy Santiago
Batting: SHB Alex Chavez 0-0: SOLO HOME RUN (Flyball, 9LD, EV 107.5 MPH), Distance : 354 ft
Batting: RHB Alberto Figueroa 0-0: Ball
1-0: Swinging Strike
1-1: Fly out, F1 (Line Drive, P, EV 77.5 MPH)
Batting: RHB Bryan Constine 0-0: Foul Ball, location: 2F
0-1: Foul Ball, location: 2F
0-2: Foul Ball, location: 2F
0-2: SINGLE (Line Drive, 6M, EV 101.3 MPH)
Batting: RHB Vance Doyle 0-0: Called Strike
0-1: Hit by Pitch
Bryan Constine to second
Batting: RHB T.J. Still 0-0: Ball
1-0: Ball
2-0: Foul Ball, location: 2F
2-1: Ball
3-1: Base on Balls
Bryan Constine to third
Vance Doyle to second
Batting: RHB Joe Sabella 0-0: Ball
1-0: SINGLE (Line Drive, 8RS, EV 96.3 MPH)
Bryan Constine scores
Vance Doyle to third
T.J. Still to second
Batting: RHB Diego Santana 0-0: Ball
1-0: Fly out, F9 (Flyball, 9, EV 80.0 MPH)
Runner from 3rd tags up, SCORES, throw by RF
T.J. Still to third
Pitching: RHP Izzy Parra
Batting: RHB Shane Attard 0-0: Ball
1-0: Called Strike
1-1: Ball
2-1: Ball
3-1: Foul Ball, location: 2F
3-2: Foul Ball, location: 2F
3-2: Strikes out swinging
Top of the 8th over - 3 runs, 3 hits, 0 errors, 2 left on base; Southern Maryland 5 - Road 8
BOTTOM OF THE 8TH
Road Warriors batting - Pitching for Southern Maryland Blue Crabs : RHP Salvatore Ayala
Batting: SHB Eric Gibson 0-0: Called Strike
0-1: Ball
1-1: SINGLE (Flyball, 6MD, EV 90.0 MPH)
Batting: LHB Brian Massey 0-0: Ball
1-0: Ball
2-0: Called Strike
2-1: Fly out, F8 (Line Drive, 8LD, EV 90.0 MPH)
Pitching: LHP Mike Broschart
Batting: RHB Chad Foy 0-0: Called Strike
0-1: Ball
1-1: Ball
2-1: Ball
3-1: Swinging Strike
3-2: Base on Balls
Eric Gibson to second
Batting: LHB Jose Castro 0-0: Ball
1-0: Called Strike
1-1: Foul Ball, location: 2F
1-2: Ball
2-2: Ball
3-2: Strikes out swinging
Batting: RHB Pat Desormeaux 0-0: Swinging Strike
0-1: Ball
1-1: Ball
2-1: Foul Ball, location: 2F
2-2: Ground out 5-3 (Groundball, 56S, EV 87.5 MPH)
Bottom of the 8th over - 0 runs, 1 hit, 0 errors, 2 left on base; Southern Maryland 5 - Road 8
TOP OF THE 9TH
Southern Maryland Blue Crabs batting - Pitching for Road Warriors : RHP Izzy Parra
Batting: LHB Jonathan Ramires 0-0: Called Strike
0-1: SINGLE (Line Drive, 7LM, EV 99.4 MPH)
Batting: SHB Alex Chavez 0-0: Ball
1-0: Ball
2-0: Ball
3-0: Base on Balls
Jonathan Ramires to second
Batting: RHB Alberto Figueroa 0-0: Called Strike
0-1: Called Strike
0-2: Ball
1-2: Ball
2-2: Ball
3-2: Foul Ball, location: 2F
3-2: Base on Balls
Jonathan Ramires to third
Alex Chavez to second
Pitching: RHP John Wade
Batting: RHB Bryan Constine 0-0: Foul Ball, location: 2F
0-1: Fly out, F7 (Line Drive, 7D, EV 90.0 MPH)
Runner from 3rd tags up, SCORES, no throw by LF
Batting: RHB Vance Doyle 0-0: Ball
1-0: Ball
2-0: Fly out, F7 (Line Drive, 78M, EV 108.8 MPH)
Batting: RHB T.J. Still 0-0: Ball
1-0: Swinging Strike
1-1: Swinging Strike
1-2: Strikes out swinging
Top of the 9th over - 1 run, 1 hit, 0 errors, 2 left on base; Southern Maryland 6 - Road 8
Monday, October 25th , 2021 - OOTP Baseball 22.10 Build 79